 Dungeon Crawl Stone Soup version 0.18-a0-1125-g2bdabe5 (console) character file.

267 Kramin the Conjurer (level 6, -3/32 HPs)
             Began as a Tengu Conjurer on Jan 20, 2016.
             Killed from afar by Blork the orc (8 damage)
             ... with a puff of flame
             ... on level 4 of the Dungeon.
             The game lasted 00:09:55 (3725 turns).

Kramin the Conjurer (Tengu Conjurer)                Turns: 3725, Time: 00:09:55

Health: -3/32      AC:  3    Str:  8    XL:     6   Next: 21%
Magic:  3/12       EV: 13    Int: 17    God:
Gold:   151        SH:  0    Dex: 15    Spells: 2 memorised, 7 levels left

rFire  . . .     SeeInvis .     m - +2 trident (vamp)
rCold  . . .     Gourm    .     e - +0 leather armour
rNeg   . . .     Faith    .     (no shield)
rPois  .         Spirit   .     f - +0 hat
rElec  .         Dismiss  .     (no cloak)
rCorr  .         Reflect  .     (no gloves)
SustAt .         Harm     .     (boots unavailable)
MR     .....                    (no amulet)
Stlth  ++........               (no ring)
                                (no ring)

@: very slightly contaminated, hasted and slowed, not resistant to hostile
enchantments, unstealthy
A: beak, talons 3, able to fly 1
a: Fly


You were on level 4 of the Dungeon.
You were hungry.

You visited 1 branch of the dungeon, and saw 4 of its levels.

You collected 151 gold pieces.

Inventory:

Hand Weapons
 m - a +2 vampiric trident (weapon)
 r - a +0 blowgun
Missiles
 s - 41 poisoned needles
Armour
 e - a +0 leather armour (worn)
 f - a +0 hat (worn)
Scrolls
 a - a scroll of fog {unknown}
 d - a scroll of teleportation
 g - a scroll of fear {unknown}
 i - a scroll of enchant armour {unknown}
 k - 2 scrolls of remove curse {unknown}
 l - a scroll of random uselessness {unknown}
 n - a scroll of amnesia {unknown}
 p - a scroll of magic mapping {unknown}
Potions
 c - a potion of flight
 h - a potion of lignification {unknown}
 q - 2 potions of cure mutation
Books
 b - a book of Conjurations

   Spells                             Type                      Level
   a - Magic Dart                     Conjuration                  1
   b - Searing Ray                    Conjuration                  2
   c - Dazzling Spray                 Conjuration/Hexes            3
   d - Fulminant Prism                Conjuration/Hexes            4
   e - Iskenderun's Mystic Blast      Conjuration                  4
   f - Iskenderun's Battlesphere      Conjuration/Charms           5
Comestibles
 o - a beef jerky
 u - a meat ration


   Skills:
 + Level 4.5 Dodging
 - Level 2.0 Stealth
 + Level 3.7 Spellcasting
 + Level 6.8 Conjurations


You had 7 spell levels left.
You knew the following spells:

 Your Spells              Type           Power        Failure   Level  Hunger
c - Magic Dart            Conj           ####         1%          1    None
d - Iskenderun's Mystic   Conj           ####....     17%         4    ####...


Dungeon Overview and Level Annotations

Branches:
Dungeon (4/15)
 Temple: D:4-7

Altars:
Cheibriados
Trog
Zin

Annotations:
D:3 Grinder
D:4 Blork the orc


Innate Abilities, Weirdness & Mutations

You have a beak for a mouth.
You have claws for feet.
You can fly.


Message History

You hear a zap.
Something tries to affect you, but you resist.
You hear some strange, mumbled words.
A puff of flame appears from out of thin air!
The puff of flame misses you.
Drink which item? (? for menu, Esc to quit)
You feel yourself speed up. Something barely misses you.
You hear some strange, mumbled words.
A puff of flame appears from out of thin air!
The puff of flame misses you.
You hear some strange, mumbled words.
A puff of flame appears from out of thin air!
The puff of flame hits you!
* * * LOW HITPOINT WARNING * * *
You are very lightly contaminated with residual magic.
Unknown command.
You hear some strange, mumbled words.
A puff of flame appears from out of thin air!
The puff of flame hits you!
You die...

#..........# #.####P.P♣
#...######.# #.# #♣.♣P
#........#.# #.# ♣.P..
#.#..#.#.#.#########.# ♣.P.♣ #.o
.).#.#........##.. ♣♣.. #
#.####.#........#### ♣P..
#.#.............+ ♣..P
#.#.##.#........## ♣♣P...
#.#.#....{@.......#..#P..P.
#.#.#.(#..........#..#.♣...
#.#.#..........._....#P♣P#.
#.#.#....######......##P...
######.#.#.............#...#PP..
#......#.#...###########.#.#♣...
##............'...........#..♣.#.
..........(...##............§.P§.
.........).....#.#####....#.♣♣P§.


There were no monsters in sight!

Vanquished Creatures
  A scorpion (D:4)
  Ijyb (D:3)
  2 worker ants
  5 adders
  3 river rats (D:4)
  2 worms
  A giant gecko (D:4)
  5 orcs
  A ball python (D:3)
  4 bats
  7 giant cockroaches
  6 goblins
  9 hobgoblins
  2 jackals (D:1)
  11 kobolds
  3 rats (D:2)
63 creatures vanquished.

Vanquished Creatures (others)
  A plant (D:4)
1 creature vanquished.

Grand Total: 64 creatures vanquished

Notes
Turn   | Place    | Note
--------------------------------------------------------------
     0 | D:1      | Kramin the Tengu Conjurer began the quest for the Orb.
     0 | D:1      | Reached XP level 1. HP: 10/10 MP: 4/4
   284 | D:1      | Reached XP level 2. HP: 13/15 MP: 3/6
   932 | D:1      | Reached XP level 3. HP: 13/19 MP: 1/7
  1070 | D:2      | Found a bloodstained altar of Trog.
  1392 | D:2      | Reached skill level 6 in Conjurations
  1528 | D:2      | Found a faded altar to an unknown god.
  1745 | D:2      | Reached XP level 4. HP: 12/24 MP: 1/9
  2457 | D:3      | Noticed Ijyb
  2477 | D:3      | Gained mutation: You can fly. [Tengu growth]
  2477 | D:3      | Reached XP level 5. HP: 23/28 MP: 5/10
  2488 | D:3      | Killed Ijyb
  2885 | D:3      | Noticed Grinder
  2892 | D:3      | Learned a level 4 spell: Iskenderun's Mystic Blast
  3171 | D:4      | Found a glowing silver altar of Zin.
  3172 | D:4      | Found a snail-covered altar of Cheibriados.
  3622 | D:4      | Reached XP level 6. HP: 29/32 MP: 3/12
  3704 | D:4      | Noticed Blork the orc
  3725 | D:4      | Killed from afar by Blork the orc

Vault maps used:
D:1:      dpeg_arrival_connections, minivault_23
D:2:      overflow_temple_1_default, ecumenical_altar_1, first_bread
D:3:      uniq_iyjb, uniq_grinder
D:4:      wad_woods_stonehenge, johnstein_pakellas_shop, cheibriados_altar_1,
          uniq_blork_the_orc

Action                   |  1- 3 |  4- 6 || total
-------------------------+-------+-------++-------
Melee: Short sword       |     7 |       ||     7
       Trident           |    14 |    73 ||    87
 Cast: Magic Dart        |    67 |    54 ||   121
       Iskenderun's Myst |       |     6 ||     6
  Use: Potion            |       |     5 ||     5
       Scroll            |       |     3 ||     3
 Stab: Sleeping          |     1 |       ||     1
  Eat: Bread ration      |     2 |       ||     2
       Chunk             |       |     6 ||     6
